 Dungeon Crawl Stone Soup version 0.28.0-43-g3370ac3207 (webtiles) character file.

Game seed: 6146081206092123072

191000 demenzo the Slayer (level 18, -8/215 HPs)
             Began as an Ogre Berserker on Mar 11, 2022.
             Was a High Priest of Trog.
             Shot with a bolt by a naga sharpshooter (19 damage)
             ... on level 4 of the Snake Pit on Mar 12, 2022.
             The game lasted 01:29:58 (45254 turns).

demenzo the Slayer (Ogre Berserker)                Turns: 45254, Time: 01:29:59

Health: -8/215     AC: 13    Str: 32    XL:     18   Next: 63%
Magic:  6/6        EV: 14    Int:  8    God:    Trog [*****.]
Gold:   1377       SH:  0    Dex:  8    Spells: 17/17 levels left

rFire   . . .      SeeInvis .   a - +6 giant spiked club (antimagic)
rCold   . . .      Faith    .   (shield currently unavailable)
rNeg    . . .      Spirit   .   V - +0 acid dragon scales
rPois   +          Reflect  .   y - +1 hat
rElec   .          Harm     .   N - scarf {repulsion}
rCorr   +          Rampage  .   (gloves unavailable)
Will    +....                   (boots unavailable)
Stlth   +.........              h - amulet of regeneration
HPRegen 1.25/turn               Z - ring of poison resistance
MPRegen 0.10/turn               E - +4 ring of evasion

@: on berserk cooldown, studying Slings, repel missiles
A: large, unfitting armour, tough skin 1, iridescent scales 1
a: Renounce Religion, Berserk, Trog's Hand, Brothers in Arms


You were on level 4 of the Snake Pit.
You worshipped Trog.
Trog was extremely pleased with you.
You visited 4 branches of the dungeon, and saw 27 of its levels.
You also visited: Ice Cave.

You collected 2574 gold pieces.
You spent 1197 gold pieces at shops.

Inventory:

Hand Weapons
 a - a +6 antimagic giant spiked club (weapon)
 b - a +5 hunting sling of freezing
 D - a +0 giant spiked club
Missiles
 l - 784 stones
 p - 2 throwing nets
 A - 43 poisoned darts (quivered)
 C - 4 datura-tipped darts
 H - 125 sling bullets
 M - 3 curare-tipped darts
Armour
 e - the +3 robe of Clouds {*Thunder rCloud rElec}
   (You bought it in a shop on level 2 of the Orcish Mines)

   It occasionally creates storm clouds above nearby enemies.
   It grants its wearer immunity to clouds.
   rElec:     It insulates you from electricity.
 j - a +2 cloak of cold resistance
 y - a +1 hat (worn)
 N - a scarf of repulsion (worn)
 V - +0 acid dragon scales (worn)
Jewellery
 h - an amulet of regeneration (around neck)
 k - a ring of protection from cold
 q - a ring of ice
 B - the ring "Tesut" {Fly rF+ Int+4}
   (You found it on level 6 of the Lair of Beasts)

   [ring of flight]

   Int:       It affects your intelligence (+4).
   rF:        It protects you from fire.
   Fly:       It grants you flight.
 E - a +4 ring of evasion (right hand)
 I - a ring of resist corrosion
 L - a ring of fire
 R - a ring of ice
 Z - a ring of poison resistance (left hand)
Wands
 r - a wand of iceblast (26)
 s - a wand of digging (6)
 u - a wand of paralysis (2)
 v - a wand of charming (24)
 F - a wand of acid (12)
 G - a wand of mindburst (19)
 W - a wand of polymorph (4)
Scrolls
 m - a scroll of blinking
 n - 2 scrolls of fear
 J - a scroll of enchant armour
 K - 8 scrolls of teleportation
 O - a scroll of silence {unknown}
 Q - 3 scrolls of fog
 S - 2 scrolls of summoning
 X - 4 scrolls of magic mapping
 Y - 8 scrolls of identify
Potions
 c - 4 potions of curing
 d - 4 potions of haste
 f - a potion of flight
 g - 8 potions of might
 i - 3 potions of mutation
 o - a potion of berserk rage
 t - 2 potions of invisibility
 w - 2 potions of magic
 x - 5 potions of resistance
 z - 3 potions of cancellation
 T - 2 potions of ambrosia
Miscellaneous
 P - a tin of tremorstones (1/2)


   Skills:
 + Level 21.4 Fighting
 * Level 21.0 Maces & Flails
 + Level 9.5 Slings
 - Level 14.0 Armour
 - Level 3.0 Dodging


You had 17 spell levels left.
You didn't know any spells.
Your spell library was empty.

Dungeon Overview and Level Annotations

Branches:
Dungeon (15/15)            Temple (0/1) D:4            Lair (6/6) D:9
  Swamp (0/4) Lair:3        Snake (4/4) Lair:2        Slime (0/5) Lair:6
    Orc (2/2) D:11            Elf (0/3) Orc:2        Vaults (0/5) D:14
 Depths (0/4) D:15          IceCv (visited)

Altars:
Cheibriados
Sif Muna
Wu Jian
Beogh
Jiyva

Shops:
D:5 *   D:6 (   Orc:1 ?   Orc:2 =*[**   Snake:4 [

Portals:
Pandemonium: Orc:2
Trove: D:13 (give +3 storm dragon scales)

Annotations:
D:6 2 transporters, vvl's ghost, amateur DrIE
D:10 2 runed translucent doors
Lair:6 1 runed translucent door


Innate Abilities, Weirdness & Mutations

You are too large for most types of armour.
You have tough skin. (AC +1)
You are partially covered in iridescent scales. (AC +2)


Message History

The naga closely misses you.
You feel much better.
The naga sharpshooter shoots a bolt.
The bolt hits you!
* * * LOW HITPOINT WARNING * * *
x2 The naga hits you from afar with a +0 trident!!
* * * LOW HITPOINT WARNING * * *
Okay, then.
Unknown command.
Unknown command.
You feel much better.
You feel yourself speed up.
The naga sharpshooter shoots a bolt.
The bolt closely misses you. The naga spits poison at you.
The splash of poison misses you.
The naga sharpshooter shoots a bolt.
The bolt hits you.
* * * LOW HITPOINT WARNING * * *
x2 The naga completely misses you.
Unknown command.
Unknown command.
Unknown command.
Unknown command.
Unknown command.
Blink to where?
Press: ? - help, Dir - move target
As you read the scroll of blinking, it crumbles to dust.
Unknown command.
The naga sharpshooter seems to regain its courage.
Things that are here:
a +0 robe; a +0 dire flail The naga sharpshooter mumbles some strange words.
The naga sharpshooter magically shoots a bolt.
The bolt hits you!
* * * LOW HITPOINT WARNING * * *
The naga spits poison at you. The splash of poison misses you.
There is a stone staircase leading up, spattered with blood here.
Unknown command.
The naga sharpshooter casts a spell.
The naga sharpshooter magically shoots a bolt.
The bolt hits you!!
You die...

#†# #....#..# #.## #.## #....#..#
#..#### #..#. ##.N..#... #.....#
#).#.. #...).# ...##.....##
#)##...##....# .N#.......###
#)#.....'..()## ##.........##
#.####.##)....####............
#....###N..N)[................
#............@................
#....######....#######...#####
####....#....#..[##..##.##..#.##.
#.......#....##.)#.......#..#....
........#.....#..##......#..#....
........#.....#..)##...'##.##....
...[....'.....#....#####...#.....
.......##.....#............##....
.......#......#.............#..#.


You could see a naga warrior, a naga sharpshooter and a naga (catching breath).

Vanquished Creatures
  The ghost of GloriousHammer the Brawler, an adept TrBe of Trog (Orc:2)
  Agnes (D:14)
  Kirke (D:12)
  2 nagarajas
  2 reapers (IceCv)
  A very ugly thing (Lair:2)
  Snorg (Orc:2)
  An ettin (Orc:2)
  A fire dragon (shapeshifter) (D:14)
  8 vault guards
  Fannar (D:12)
  Harold (Lair:1)
  11 naga warriors
  2 salamander tyrants
  2 demonspawn (Orc:2)
  5 centaur warriors
  11 hydras
  7 boulder beetles
  A merfolk avatar (Lair:6)
  A catoblepas (Lair:6)
  5 anacondas
  4 two-headed ogres
  Erica (D:7)
  12 death yaks
  6 orc high priests (Orc:2)
  8 naga sharpshooters
  2 tengu warriors
  A vampire mage (D:15)
  Urug (Orc:1)
  5 shock serpents
  A storm dragon zombie (D:15)
  Nergalle (D:12)
  A sixfirhy (Orc:2)
  2 skeletal warriors
  A sea snake (Lair:5)
  A golden dragon zombie (D:15)
  A bog body (IceCv)
  3 naga ritualists
  An obsidian statue (IceCv)
  An orange crystal statue (IceCv)
  5 orc knights
  A harpy (Lair:5)
  3 spriggan simulacra (IceCv)
  A necromancer (D:15)
  An oklob plant (Lair:5)
  6 ugly things
  A wolf spider (D:14)
  3 cyclopes
  4 manticores
  8 elephants
  5 orc sorcerers (Orc:2)
  2 mana vipers (Snake:4)
  12 salamanders
  2 moths of wrath (Orc:2)
  2 guardian serpents
  16 naga magi
  38 black mambas
  A rust devil (Orc:2)
  A stone giant skeleton (D:15)
  2 centaur zombies
  Maurice (Orc:2)
  4 molten gargoyles (D:12)
  6 torpor snails
  A gargoyle (D:12)
  15 cane toads
  An unseen horror (D:12)
  4 rime drakes
  10 freezing wraiths
  3 kobold demonologists (D:13)
  An efreet (D:15)
  Psyche (D:8)
  An ice devil (IceCv)
  A tengu conjurer (D:13)
  7 komodo dragons
  A hellwing (Orc:2)
  An entropy weaver simulacrum (IceCv)
  A red devil (Orc:2)
  Grinder (D:3)
  A wind drake (Lair:6)
  13 trolls
  A troll (shapeshifter) (D:14)
  16 blink frogs
  A hornet (D:8)
  3 polar bears
  3 slime creatures (D:12)
  4 dream sheep (Lair:2)
  2 snapping turtles (Lair:6)
  A spriggan zombie (D:15)
  A ynoxinul (Orc:2)
  A dire elephant simulacrum (IceCv)
  2 shadows (D:11)
  A vampire (D:13)
  A wyvern (Lair:4)
  4 wraiths
  7 basilisks
  32 yaks
  4 steam dragons
  A harpy simulacrum (IceCv)
  3 minotaur simulacra (IceCv)
  3 swamp worms (Lair:3)
  59 nagas
  10 wargs (Orc:2)
  3 acid dragons
  24 water moccasins
  A sky beast (D:6)
  A hornet zombie (D:7)
  An ice beast (D:6)
  25 orc warriors
  2 black bears
  6 ogres
  An alligator simulacrum (IceCv)
  16 centaurs
  6 wolves (Lair:5)
  A phantom (D:6)
  5 kobold brigands
  9 bullfrogs
  2 scorpions
  4 deep troll simulacra (IceCv)
  2 water moccasin skeletons
  4 killer bees (D:10)
  3 lindwurm simulacra (IceCv)
  2 electric eels (Lair:4)
  4 howler monkeys
  4 lava snakes
  2 hounds
  4 jellies
  A gnoll shaman (D:6)
  A bullfrog skeleton (D:5)
  A centaur skeleton (D:5)
  19 orc priests
  3 iguanas
  Ijyb (D:3)
  18 orc wizards
  A hound skeleton (D:5)
  Robin (D:3)
  11 adders
  11 gnolls
  3 white imps
  2 ufetubi (D:5)
  4 worms
  6 dart slugs
  59 orcs
  9 bats
  6 endoplasms
  4 giant cockroaches
  16 goblins
  13 hobgoblins
  4 jackals (D:1)
  18 kobolds
  5 quokkas
  7 ball pythons
  9 frilled lizards
  24 rats
856 creatures vanquished.

Vanquished Creatures (collateral kills)
  A komodo dragon (Lair:6)
  A freezing wraith (IceCv)
  A naga (Snake:4)
3 creatures vanquished.

Vanquished Creatures (others)
  An ogre mage (D:15)
  A deep elf pyromancer (D:14)
  A yak (Lair:6)
  2 humans (D:12)
  A meliai simulacrum (D:15)
  41 fungi
  79 plants
  13 withered plants (D:15)
139 creatures vanquished.

Grand Total: 998 creatures vanquished

Notes
Turn   | Place    | Note
-------+----------+-------------------------------------------
     0 | D:1      | demenzo the Ogre Berserker began the quest for the Orb.
     0 | D:1      | Reached XP level 1. HP: 24/24 MP: 1/1
   178 | D:1      | Reached XP level 2. HP: 23/32 MP: 2/2
   385 | D:1      | Reached ** piety under Trog
   386 | D:1      | Reached XP level 3. HP: 28/40 MP: 3/3
   542 | D:1      | Found a faded altar of an unknown god.
  1310 | D:2      | Reached XP level 4. HP: 46/49 MP: 4/4
  1804 | D:2      | Reached skill level 5 in Fighting
  2643 | D:3      | Noticed Grinder
  2656 | D:3      | Killed Grinder
  2657 | D:3      | Reached skill level 5 in Maces & Flails
  2657 | D:3      | Reached XP level 5. HP: 42/59 MP: 5/5
  2657 | D:3      | Reached XP level 6. HP: 48/67 MP: 6/6
  3141 | D:3      | Noticed Robin
  3154 | D:3      | Killed Robin
  3616 | D:3      | Noticed Ijyb
  3627 | D:3      | Killed Ijyb
  3943 | D:3      | Reached *** piety under Trog
  4159 | D:3      | Reached XP level 7. HP: 73/76 MP: 7/7
  5194 | D:4      | Found a staircase to the Ecumenical Temple.
  5399 | D:5      | Entered Level 5 of the Dungeon
  6311 | D:5      | Reached XP level 8. HP: 88/88 MP: 8/8
  6376 | D:5      | Found Jedawil's Neck Hole.
  6676 | D:6      | Noticed a queen bee
  6678 | D:6      | Noticed vvl's ghost (amateur DrIE)
  6686 | D:6      | Found a transporter.
  6686 | D:6      | Noticed a hornet
  6691 | D:6      | Found a transporter.
  6993 | D:6      | Found Birocw's Weapon Shop.
  7475 | D:7      | Reached XP level 9. HP: 107/107 MP: 9/9
  7691 | D:6      | Reached XP level 10. HP: 118/118 MP: 10/10
  8121 | D:7      | Reached **** piety under Trog
  8480 | D:8      | Noticed Erica
  8496 | D:7      | Killed Erica
  9087 | D:8      | Noticed Psyche
  9098 | D:8      | Paralysed by a hornet for 1 turns
  9107 | D:8      | Killed Psyche
  9182 | D:8      | Identified the +5 ring mail of Ymirhaxzu {+Inv rElec}
  9977 | D:9      | Found an ornate altar of the Wu Jian Council.
  9995 | D:9      | Found a staircase to the Lair.
 10798 | D:10     | Entered Level 10 of the Dungeon
 10991 | D:10     | Noticed a manticore
 11002 | D:10     | Killed a manticore
 11003 | D:10     | Reached XP level 11. HP: 128/128 MP: 11/11
 11413 | D:10     | Found a large runed translucent door.
 11413 | D:10     | Found a large runed translucent door.
 11688 | D:10     | Identified the +11 plate armour of Quantum Leap {Dex+3
                  | SInv}
 12227 | Lair:1   | Entered Level 1 of the Lair of Beasts
 12312 | Lair:1   | Reached skill level 1 in Armour
 12676 | Lair:1   | Found a snail-covered altar of Cheibriados.
 13945 | Lair:2   | Reached XP level 12. HP: 59/140 MP: 12/12
 14072 | Lair:2   | Found a staircase to the Snake Pit.
 14308 | Lair:2   | Reached skill level 15 in Fighting
 14510 | Lair:2   | Reached skill level 15 in Maces & Flails
 14625 | Lair:2   | Noticed Harold
 14666 | Lair:1   | Killed Harold
 15246 | Lair:3   | Noticed a death yak
 15268 | Lair:3   | Noticed a death yak
 15271 | Lair:3   | Noticed a death yak
 15306 | Lair:3   | Killed a death yak
 15353 | Lair:2   | Killed a death yak
 15428 | Lair:3   | Killed a death yak
 15596 | Lair:3   | Noticed a four-headed hydra
 15599 | Lair:3   | Noticed a six-headed hydra
 15610 | Lair:3   | Killed a four-headed hydra
 15617 | Lair:3   | Killed a six-headed hydra
 15653 | Lair:3   | Reached skill level 5 in Armour
 15798 | Lair:3   | Found a staircase to the Swamp.
 16411 | Lair:2   | Reached XP level 13. HP: 152/152 MP: 13/13
 19414 | Lair:5   | Reached ***** piety under Trog
 20567 | Lair:5   | Identified a scroll of acquirement
 20568 | Lair:5   | Acquired a manual of Armour
 20601 | Lair:6   | Entered Level 6 of the Lair of Beasts
 20769 | Lair:6   | Reached XP level 14. HP: 136/166 MP: 14/14
 22681 | Lair:6   | Identified the ring "Tesut" {Fly rF+ Int+4}
 23149 | Lair:6   | Found a runed translucent door.
 23150 | Lair:6   | Found a viscous altar of Jiyva.
 23150 | Lair:6   | Noticed an azure jelly
 23151 | Lair:6   | Noticed an azure jelly
 23151 | Lair:6   | Noticed an azure jelly
 23169 | Lair:6   | Found a staircase to the Slime Pits.
 24475 | D:11     | Found a staircase to the Orcish Mines.
 24774 | Orc:1    | Entered Level 1 of the Orcish Mines
 24814 | Orc:1    | Noticed Urug
 24834 | Orc:1    | Killed Urug
 25152 | Orc:2    | Entered Level 2 of the Orcish Mines
 25367 | Orc:2    | Noticed Snorg
 25379 | Orc:2    | Killed Snorg
 25479 | Orc:2    | Found a staircase to the Elven Halls.
 25700 | Orc:2    | Found Goivusto's CLEARANCE SALE!.
 25710 | Orc:2    | Bought a potion of lignification for 9 gold pieces
 25710 | Orc:2    | Bought a potion of resistance for 30 gold pieces
 25710 | Orc:2    | Bought a potion of lignification for 9 gold pieces
 25718 | Orc:2    | Found a transporter.
 25719 | Orc:2    | Noticed GloriousHammer's ghost (adept TrBe)
 25743 | Orc:2    | Found a transporter.
 26037 | Orc:2    | Noticed Maurice
 26048 | Orc:2    | Killed Maurice
 26158 | Orc:2    | Received a gift from Trog
 26295 | Orc:2    | Found Niuli's General Store.
 26298 | Orc:2    | Found Nim Qih's General Store.
 26455 | Orc:2    | Bought a scroll of enchant armour for 90 gold pieces
 26457 | Orc:2    | Bought a scroll of magic mapping for 38 gold pieces
 26457 | Orc:2    | Bought a scroll of identify for 22 gold pieces
 26457 | Orc:2    | Bought a scroll of identify for 22 gold pieces
 26549 | Orc:2    | Reached XP level 15. HP: 169/178 MP: 15/15
 26885 | Orc:2    | Reached skill level 10 in Armour
 27240 | Orc:2    | Found Ciepsoro's Jewellery Boutique.
 27240 | Orc:2    | Found Qoraigop's Antique Armour Shop.
 27241 | Orc:2    | Found a one-way gate leading to the halls of Pandemonium.
 27866 | Orc:2    | Killed GloriousHammer's ghost
 27925 | Orc:2    | Identified the amulet "Bidghen" {RegenMP MP+9}
 28133 | Orc:1    | Found Calywirgh's Magic Scroll Shop.
 28147 | Orc:1    | Bought a scroll of enchant armour for 105 gold pieces
 28147 | Orc:1    | Bought a scroll of enchant armour for 105 gold pieces
 28390 | D:12     | Reached skill level 1 in Slings
 28428 | D:12     | Noticed Nergalle
 28439 | D:12     | Killed Nergalle
 28484 | D:12     | Noticed Kirke
 28501 | D:12     | Killed Kirke
 28680 | D:12     | Received a gift from Trog
 28779 | D:12     | Noticed Fannar
 28790 | D:12     | Killed Fannar
 31369 | D:13     | Found a portal to a secret trove of treasure.
 31426 | D:14     | Found a gate to the Vaults.
 31875 | D:13     | Reached XP level 16. HP: 186/191 MP: 16/16
 32046 | D:14     | Reached skill level 5 in Slings
 32046 | D:14     | Reached XP level 17. HP: 201/201 MP: 17/17
 33156 | D:14     | Noticed Agnes
 33278 | D:14     | Noticed Nessos
 33284 | D:14     | Noticed Nessos
 33284 | D:14     | Nessos changed into Nessos the komodo dragon
 33286 | D:14     | Killed Nessos the komodo dragon
 33381 | D:14     | Found a shimmering blue altar of Sif Muna.
 33695 | Orc:2    | Bought the +3 robe of Clouds {*Thunder rCloud rElec} for
                  | 623 gold pieces
 33695 | Orc:2    | Found the +3 robe of Clouds {*Thunder rCloud rElec}
 33836 | D:15     | Entered Level 15 of the Dungeon
 34581 | D:14     | Killed Agnes
 35448 | D:15     | Found a staircase to the Depths.
 36206 | Snake:1  | Entered Level 1 of the Snake Pit
 36210 | Snake:1  | Received a gift from Trog
 36371 | Snake:1  | Found a frozen archway.
 36380 | IceCv    | Entered an ice cave
 36569 | IceCv    | Gained mutation: Potions are less effective at restoring
                  | your health. [a neqoxec]
 36573 | IceCv    | Lost mutation: Potions are less effective at restoring your
                  | health. [potion of mutation]
 36573 | IceCv    | Gained mutation: You are partially covered in iridescent
                  | scales. (AC +2) [potion of mutation]
 40207 | Snake:2  | You fall into a shaft and drop 1 floor!
 40556 | Snake:2  | Received a gift from Trog
 40573 | Snake:2  | Reached XP level 18. HP: 73/213 MP: 6/18
 43626 | Snake:4  | Entered Level 4 of the Snake Pit
 43843 | Snake:4  | Found Echiu's Antique Armour Boutique.
 44031 | D:5      | Bought a scarf of repulsion for 144 gold pieces
 44627 | Snake:4  | Received a gift from Trog
 45242 | Snake:4  | HP: 6/215 [naga sharpshooter/bolt (20)]
 45249 | Snake:4  | HP: 4/215 [naga/+0 trident (18)]
 45254 | Snake:4  | Shot with a bolt by a naga sharpshooter

Illustrated notes

Levels and vault maps discovered:
D:1:      evilmike_arrival_fibonacci_small, layout_rooms,
          ebering_ecumenical_altar_mist, minmay_lizard_king
D:2:      layout_loops_ring, st_stairs_9, supply_closet_lemuel,
          kennysheep_generic_room_11
D:3:      layout_loops_ring, minmay_rat_hole, uniq_ijyb, uniq_grinder,
          uniq_robin
D:4:      layout_cave_pools, minmay_temple_entry_fiery, serial_bayou,
          serial_bayou_ford_a, serial_bayou_lake_a, serial_bayou_lagoon_a,
          serial_bayou_pond_e
D:5:      layout_gridville, nicolae_shop_sticking_my_neck_out
D:6:      layout_basic, gammafunk_ghost_hive, serial_shops,
          nicolae_shop_bloodbath_and_beyond
D:7:      layout_rooms, serial_rivers, chequers_serial_rivers_small_a,
          chequers_serial_rivers_micro_d, chequers_serial_rivers_marsh,
          chequers_serial_rivers_large_b
D:8:      layout_loops_ring, uniq_erica, uniq_psyche
D:9:      layout_gridville, lemuel_tele_altar, dpeg_oklobed_lair,
          chequers_serial_rivers_room_a, chequers_serial_rivers_small_a
D:10:     layout_loops_ring, lightli_elemental_guards
D:11:     cheibrodos_orc_bank, layout_basic, orc_0_dummy
D:12:     layout_roguey, minivault_8, uniq_fannar, uniq_nergalle, uniq_kirke
D:13:     layout_layer_cave, trove_entry_hex_spiral
D:14:     layout_loops_ring, erik_vaults_2, hangedman_decor_clover_reticule,
          led_sif_book, uniq_agnes, uniq_nessos
D:15:     gammafunk_depths_entry_grave, layout_loops_corners,
          roderic_lattice_octagonal_star, lightli_corner_chamber
Lair:1:   layout_small_grid, minmay_holes, kennysheep_snail_temple,
          serial_bayou_shore_a, lemuel_fruit_tree
Lair:2:   layout_roguey, minmay_snake_entry_six_corridors, uniq_harold
Lair:3:   layout_small_grid, palyth_hydra_swamp_entry
Lair:4:   layout_gridlike, nicolae_lair_liquid_snakes
Lair:5:   layout_cellular_growth
Lair:6:   gammafunk_lair_ancient_temple, layout_cave_pods, slime_altar_2,
          minivault_27, infiniplex_staircase_pool_2
Snake:1:  layout_basic, portal_ice_cave_entry_ugly_swarm
Snake:2:  layout_onion_interference
Snake:3:  layout_honeycomb, grunt_megastairs_4
Snake:4:  grunt_snake_rune_serpentine_throne, layout_cave_town, serial_shops,
          shop, beargit_elvish_explorers
Orc:1:    layout_diamond_mine, serial_shops, nicolae_shop_stone, uniq_urug
Orc:2:    pf_orc_diabolical, layout_caves, gammafunk_ghost_berserking_beasts,
          basic_altar, nicolae_shop_clearance, uniq_maurice, uniq_snorg

Skill      XL: |  1  2  3  4  5  6  7  8  9 10 11 12 13 14 15 16 17 18 |
---------------+-------------------------------------------------------+-----
Maces & Flails | 3 5 7 12 13 14 15 17 18 19 20 21 | 21.0
Dodging        | 3 |  3.0
Fighting       | 6 7 12 13 14 16 17 18 19 20 21 | 21.4
Armour         | 3 5 7 9 11 12 13 14 | 14.0
Slings         | 3 5 8 9 |  9.5

Action                   |  1- 3 |  4- 6 |  7- 9 | 10-12 | 13-15 | 16-18 || total
-------------------------+-------+-------+-------+-------+-------+-------++-------
Melee: Mace              |   139 |   104 |     5 |       |       |       ||   248
       Punch             |       |     3 |     2 |    15 |     9 |       ||    29
       Dagger            |       |    91 |   129 |       |       |       ||   220
       Whip              |       |       |    76 |   630 |   576 |       ||  1282
       Giant club        |       |       |       |    78 |   136 |       ||   214
       Giant spiked club |       |       |       |       |   132 |   522 ||   654
       Dire flail        |       |       |       |       |   548 |   221 ||   769
 Fire: Hunting sling     |       |       |    59 |    98 |   355 |   325 ||   837
Throw: Dart              |       |       |       |     1 |     8 |       ||     9
Invok: Berserk           |     1 |     6 |     4 |    18 |    24 |    16 ||    69
       Trog's Hand       |       |     1 |       |     1 |     5 |     3 ||    10
       Brothers in Arms  |       |       |       |       |     1 |     2 ||     3
Evoke: Wand              |       |       |       |     4 |       |     7 ||    11
       Tin of tremorston |       |       |       |       |       |     1 ||     1
  Use: Scroll            |       |       |     9 |     7 |    10 |    10 ||    36
       Potion            |       |       |     1 |       |       |     6 ||     7
 Stab: Sleeping          |       |     1 |       |       |       |       ||     1
       Petrified         |       |       |       |       |     5 |       ||     5
       Petrifying        |       |       |       |       |     1 |       ||     1
       Distracted        |       |       |       |       |     2 |       ||     2
Armor: Animal skin       |    61 |    43 |    44 |    40 |       |       ||   188
       Acid dragon scale |       |       |       |   130 |   337 |   222 ||   689
       Troll leather arm |       |       |       |       |    81 |       ||    81
       Robe              |       |       |       |       |       |    69 ||    69
Dodge: Dodged            |    91 |   117 |   114 |   230 |   688 |   465 ||  1705
       Repelled          |       |       |       |       |       |    11 ||    11
